 Dungeon Crawl Stone Soup version 0.26.1-2-gb8aa6d0cf2 (webtiles) character file.

Game seed: 10745212339352178745

316 promet the Ogre Mage (level 6, -2/57 HPs)
             Began as an Ogre Hedge Wizard on Feb 16, 2021.
             Was an Initiate of Yredelemnul.
             Killed by divine providence
             ... invoked by an orc priest
              (15 damage)
             ... on level 3 of the Dungeon.
             The game lasted 00:22:59 (3728 turns).

promet the Ogre Mage (Ogre Hedge Wizard)            Turns: 3728, Time: 00:23:02

Health: -2/57      AC:  5    Str: 15    XL:     6   Next: 44%
Magic:  1/14       EV: 11    Int: 17    God:    Yredelemnul [......]
Gold:   85         SH:  0    Dex: 14    Spells: 9/16 levels left

rFire    + . .     SeeInvis .   a - +6 scythe (vorpal)
rCold    x . .     Faith    .   (shield currently unavailable)
rNeg     . . .     Spirit   .   b - +0 robe
rPois    .         Reflect  .   c - +2 hat
rElec    .         Harm     .   (no cloak)
rCorr    .         Rampage  .   (gloves unavailable)
Will     .....                  (boots unavailable)
Stlth    ++........             (no amulet)
HPRegen  0.19/turn              d - ring of fire
MPRegen  0.14/turn              k - +6 ring of dexterity

@: no status effects
A: large, unfitting armour, tough skin 1
a: Renounce Religion


You were on level 3 of the Dungeon.
You worshipped Yredelemnul.
Yredelemnul was noncommittal.
You visited 1 branch of the dungeon, and saw 3 of its levels.

You collected 85 gold pieces.

Inventory:

Hand Weapons
 a - a +6 vorpal scythe (weapon)
 g - a +0 mace
 i - a +0 short sword
 m - a +1 dagger of freezing
Missiles
 e - 24 sling bullets
 h - 60 stones
 l - 29 bolts
 p - 24 arrows
Armour
 b - a +0 robe (worn)
 c - a +2 hat (worn)
Jewellery
 d - a ring of fire (left hand)
 f - an uncursed ring of protection from fire
 k - a +6 ring of dexterity (right hand)
Wands
 n - a wand of digging (6)
Potions
 j - a potion of flight


   Skills:
 + Level 1.7 Fighting
 + Level 1.4 Short Blades
 * Level 1.3 Polearms
 + Level 2.6 Dodging
 + Level 2.1 Stealth
 + Level 5.5 Spellcasting
 + Level 2.2 Conjurations
 + Level 1.0 Summonings
 + Level 0.8 Translocations


You had 9 spell levels left.
You knew the following spells:

 Your Spells              Type           Power        Failure   Level
a - Magic Dart            Conj           48%          5%          1
b - Blink                 Tloc           N/A          14%         2
c - Call Imp              Summ           8%           14%         2
d - Slow                  Hex            4%           21%         2

Your spell library contained the following spells:

 Spells                   Type           Power        Failure   Level
 Conjure Flame            Conj/Fire      12%          26%         3
 Mephitic Cloud           Conj/Pois/Air  7%           30%         3


Dungeon Overview and Level Annotations

Branches:
Dungeon (3/15)

Altars:
Yredelemnul

Annotations:
D:3 1 runed translucent door, ew1980's ghost, amateur FoFE


Innate Abilities, Weirdness & Mutations

You are too large for most types of armour.
You have tough skin. (AC +1)


Message History

Casting: Call Imp (safe; 14% risk of failure)
Confirm with . or Enter, or press ? or * to list all spells.
Aiming: Magic Dart (safe; 5% risk of failure)
Press: ? - help, Shift-Dir - straight line, f/p - orc priest
Aim: an orc priest, wielding a +0 short sword (heavily wounded, 0% to evade)
The magic dart hits the orc.
The orc is lightly wounded.
Something misses your crimson imp.
The orc priest hits your crimson imp with a +0 short sword.
The orc priest barely misses your crimson imp.
Something barely misses your crimson imp.
The orc misses you.
You closely miss the orc.
The orc is lightly wounded.
Your crimson imp blinks!
Your crimson imp hits the orc priest.
Something bites your crimson imp.
The orc priest mumbles some strange prayers to Beogh against you.
Beogh smites you!
You die...
Your body rises from the dead as a mindless zombie.

#..#..##.### #.# #
#..........# #.# #
#.....##.#.# ##...## #
#.....##.#.###.###.###
#...# #.#............
#...###.#)###..#..### ..
#.....†.......###....
....###5g####.#.###..#..###
. ......o§oo@.5.#.# ##...##
. ...##.#o#######.# #.# .
#....# #.# #.# . .....#..#
#.# #.# ####..!## ..# ##.#
#.. #. ..# #. ..


You could see 3 orc priests, an orc, a goblin and 2 friendly crimson imps.

Vanquished Creatures
  Sigmund (D:2)
  2 gnolls (D:3)
  5 adders
  2 oozes
  2 worms (D:2)
  2 dart slugs
  2 leopard geckos (D:3)
  7 bats
  A giant cockroach (D:2)
  5 goblins
  10 hobgoblins
  2 jackals (D:1)
  4 kobolds
  A quokka (D:3)
  5 frilled lizards
  A rat (D:2)
52 creatures vanquished.

Vanquished Creatures (collateral kills)
  An orc wizard (D:2)
  2 gnolls (D:3)
  A worm (D:2)
  2 orcs (D:2)
6 creatures vanquished.

Grand Total: 58 creatures vanquished

Notes
Turn   | Place    | Note
-------+----------+-------------------------------------------
     0 | D:1      | promet the Ogre Hedge Wizard began the quest for the Orb.
     0 | D:1      | Reached XP level 1. HP: 16/16 MP: 5/5
   179 | D:1      | Reached XP level 2. HP: 4/24 MP: 1/6
   428 | D:1      | Learned a level 2 spell: Blink
   723 | D:1      | Reached skill level 4 in Spellcasting
  1030 | D:1      | Reached skill level 1 in Conjurations
  1576 | D:1      | Reached XP level 3. HP: 22/31 MP: 8/8
  1696 | D:2      | Reached skill level 1 in Fighting
  1980 | D:2      | Noticed Sigmund
  2000 | D:2      | Killed Sigmund
  2001 | D:2      | Reached skill level 1 in Short Blades
  2001 | D:2      | Reached skill level 5 in Spellcasting
  2001 | D:2      | Reached XP level 4. HP: 10/41 MP: 0/11
  2001 | D:2      | Reached XP level 5. HP: 12/48 MP: 0/12
  2259 | D:2      | Learned a level 2 spell: Call Imp
  2262 | D:2      | Learned a level 2 spell: Slow
  2592 | D:2      | Reached XP level 6. HP: 57/57 MP: 14/14
  3222 | D:2      | Reached skill level 1 in Summonings
  3440 | D:3      | Found a basalt altar of Yredelemnul.
  3445 | D:3      | Became a worshipper of Yredelemnul the Dark
  3502 | D:3      | Found a runed translucent door.
  3513 | D:3      | Noticed ew1980's ghost (amateur FoFE)
  3556 | D:3      | Reached skill level 1 in Polearms
  3728 | D:3      | Killed from afar by an orc priest

Illustrated notes

Levels and vault maps discovered:
D:1:      dpeg_arrival_rooms_with_view, layout_basic, st_stairs_10
D:2:      layout_basic, uniq_sigmund
D:3:      layout_loops_ring, kennysheep_ying_yang, marbit_many_paths,
          ebering_ghost_sewer_d, grunt_ministairs_7

Skill      XL: |  1  2  3  4  5  6 |
---------------+-------------------+-----
Dodging        | 2 |  2.6
Spellcasting   | 4 5 |  5.5
Conjurations   | 1 2 |  2.2
Fighting       | 1 |  1.7
Short Blades   | 1 |  1.4
Stealth        | 2 |  2.1
Summonings     | 1 |  1.0
Polearms       | 1 |  1.3
Translocations | |  0.8

Action                   |  1- 3 |  4- 6 || total
-------------------------+-------+-------++-------
Melee: Dagger            |    51 |       ||    51
       Short sword       |    29 |     5 ||    34
       Mace              |    10 |       ||    10
       Scythe            |       |    40 ||    40
 Cast: Magic Dart        |    43 |    43 ||    86
       Call Imp          |       |    14 ||    14
  Use: Scroll            |     4 |     3 ||     7
       Potion            |     2 |     3 ||     5
 Stab: Sleeping          |       |     2 ||     2
Armor: Robe              |    23 |    10 ||    33
Dodge: Dodged            |    72 |    27 ||    99
